AoeStats
← Magnus1497

Arabia

509753731Analyzed
1v1 RM · 3d ago on Sep 27, 2026· 48m 25s· 2 players
Game mode
Random Map
Map size
Tiny (2 player)
Population
200
Speed
Normal
Resources
Standard
Victory
Conquest
Starting age
Dark Age
Ending age
Imperial Age
RankedLock teamsTeams togetherTeam positionsShared explorationLock speedFull tech treeHidden civsTurbo modeCheats
Victory
Defeat
🇨🇦 Maya · Canada
451
+17
🇲🇽 Sicilians · Mexico
483
-17
Logan Paul
0:27 Loom
13:24 Feudal Age
15:04 Wheelbarrow
14:15 Town Watch
15:12 Horse Collar
15:19 Double-Bit Axe
16:31 Stone Mining
16:40 Gold Mining
24:12 Castle Age
22:19 Arson
21:59 Man-at-Arms
22:49 Padded Archer Armor
25:27 Thumb Ring
24:43 Crossbowman
24:44 Elite Skirmisher
26:17 Eagle Warrior
26:58 Squires
27:33 Treadmill Crane
29:25 Hand Cart
29:07 Guard Tower
29:37 Ballistics
29:47 Murder Holes
30:04 Town Watch
32:25 Leather Archer Armor
32:01 Fletching
32:11 Scale Mail Armor
34:48 Fortified Wall
34:49 Masonry
36:16 Town Patrol
37:37 Hul'che Javelineers
43:12 Stone Shaft Mining
46:49 Bow Saw
Magnus1497
13:31 Feudal Age
15:27 Double-Bit Axe
18:56 Fletching
21:22 Arson
23:08 Gold Mining
23:09 Stone Mining
27:31 Castle Age
28:33 Bodkin Arrow
28:50 Forging
28:41 Scale Mail Armor
29:54 Bloodlines
30:25 Crossbowman
35:18 Husbandry
46:57 Horse Collar
Connection lost

Rejoining the realm…

Still unreachable

The connection could not be restored.

Session expired

The server has moved on; the page needs a fresh start.